Map: Flooded City

Players

MonstroTown

  • Race: Terran Terran
  • Spawn Location: 6:00

Michael

  • Race: Zerg Zerg
  • League: Platinum
  • Spawn Location: 6:00

TribalKnight

  • Race: Zerg Zerg
  • Spawn Location: 12:00

Unstable

  • Race: Protoss Protoss
  • Spawn Location: 12:00

VOD

Have the link to the VOD?

Description

Time

  • Played on: Oct. 12, 2018, 6:46 p.m.
  • Length: 11:57
Show
View Real Time Build Order
Export as new Build Order

MonstroTown Terran 

Build Orders: Reaper Expand, MMM Bio 

Get SALT Encoding   

  12  0:01  SCV  
  13  0:13  SCV  
  14  0:19  Supply Depot  
  14  0:25  SCV  
  15  0:40  SCV  
  15  0:41  Barracks  
  16  0:53  SCV  
  16  0:55  Refinery  
  17  1:05  SCV  
  17  1:07  Barracks  
  18  1:21  SCV  
  19  1:34  Orbital Command  
  19  1:39  Reaper  
  20  1:57  Command Center  
  20  2:01  SCV  
  21  2:08  Supply Depot  
  21  2:15  Marine  
  23  2:17  Barracks Tech Lab  
  22  2:31  SCV  
  22  2:34  Marine  
  24  2:39  Stimpack  
  24  2:43  Marauder  
  26  2:45  SCV  
  27  3:00  Marine  
  30  3:06  Marauder  
  29  3:14  Refinery  
  29  3:24  Factory, Marine  
  29  3:26  Orbital Command  
  30  3:34  Barracks  
  30  3:35  Barracks  
  30  3:44  SCV  
  31  3:56  Engineering Bay, SCV  
  31  3:57  SCV  
  31  3:58  Engineering Bay  
  31  3:59  Orbital Command  
  33  4:04  Barracks Reactor  
  33  4:10  SCV  
  33  4:11  Factory Tech Lab  
  34  4:24  Marauder, Marine x2  
  37  4:38  Siege Tank  
  38  4:41  Marine  
  38  4:42  Marine  
  40  4:46  Marine  
  40  4:47  Marine  
  40  4:48  Bunker  
  42  4:53  Marine  
  42  4:59  Marine  
  40  5:02  Marine  
  40  5:04  Marine  
  38  5:08  Marine  
  38  5:11  Marine  
  37  5:22  Marine x2  
  37  5:23  Marine  
  37  5:26  Marine  
  34  5:29  Marine  
  35  5:39  Siege Tank  
  35  5:40  Marine x3  
  41  5:44  Starport  
  41  5:46  Bunker  
  39  5:53  SCV x2  
  40  6:00  Supply Depot  
  40  6:05  SCV x2  
  42  6:14  Barracks Reactor  
  42  6:28  Medivac  
  42  6:30  Marauder, Marine x3  
  42  6:32  Siege Tank  
  52  6:35  Terran Infantry Weapons Level 1  
  52  6:39  Sensor Tower  
  52  6:42  SCV x2  
  52  6:46  Refinery  
  54  6:50  Refinery  
  54  6:58  Supply Depot  
  54  7:19  SCV  
  54  7:20  Siege Tank, SCV, Marauder, Marine, Supply Depot  
  61  7:24  Marine  
  62  7:37  SCV, Marine x3  
  62  7:39  Marine  
  62  7:40  SCV  
  62  7:41  Marine  
  62  7:42  Medivac  
  71  7:47  Marine  
  71  7:49  SCV  
  73  7:52  SCV  
  73  7:54  Marine  
  75  8:01  SCV  
  76  8:09  Marine x2  
  78  8:15  Siege Tank, Marauder  
  78  8:17  Supply Depot  
  78  8:18  Supply Depot  
  83  8:25  Marine x2  
  85  8:36  SCV  
  85  8:39  SCV, Marauder  
  89  8:42  Missile Turret  
  89  8:48  SCV  
  90  9:00  Siege Tank, Medivac  
  90  9:01  Marine x3  
  90  9:02  Marine  
  99  9:18  Marine  
  100  9:25  Armory  
  100  9:26  Barracks  
  100  9:29  Starport  
  100  9:35  Marine x2  
  100  9:38  Command Center  
  102  10:09  Supply Depot  
  102  10:12  Supply Depot  
  102  10:14  Barracks  
  102  10:15  SCV x2, Medivac, Marine x4  
  102  10:16  Barracks  
  102  10:18  Combat Shields  
  110  10:30  Marine  
  110  10:31  Siege Tank, SCV  
  115  10:45  Medivac  
  113  11:03  Widow Mine  
  103  11:06  Marine  
  103  11:07  Marine x3  
  103  11:08  Marauder  
  109  11:18  Marine x3  
  90  11:29  Marauder  
Show
View Real Time Build Order
Export as new Build Order

Michael Zerg 

Build Orders: Pool First 

Get SALT Encoding   

  12  0:01  Drone  
  13  0:10  Drone  
  14  0:17  Overlord  
  14  0:35  Drone x2  
  14  0:36  Drone  
  14  0:42  Extractor  
  16  0:46  Drone  
  17  0:52  Spawning Pool  
  16  0:57  Drone  
  17  1:08  Drone  
  18  1:23  Hatchery  
  17  1:28  Drone  
  17  1:32  Drone  
  19  1:43  Queen  
  21  1:49  Zergling x2  
  22  1:55  Overlord  
  22  2:02  Metabolic Boost  
  22  2:19  Queen  
  23  2:36  Queen  
  25  2:38  Drone  
  25  2:39  Drone x2  
  25  2:40  Drone  
  28  2:55  Drone x4  
  32  3:05  Drone  
  33  3:10  Spine Crawler  
  32  3:15  Queen  
  34  3:20  Overlord  
  34  3:25  Overlord  
  35  3:27  Drone  
  35  3:30  Drone  
  36  3:41  Roach Warren  
  36  3:43  Drone  
  36  3:44  Evolution Chamber  
  36  3:46  Drone  
  36  3:48  Drone  
  37  3:50  Drone  
  37  3:53  Drone  
  39  4:09  Lair  
  39  4:10  Zerg Ground Armor Level 1  
  37  4:26  Roach  
  37  4:27  Roach x6  
  37  4:43  Roach x2  
  39  4:50  Spine Crawler  
  32  5:01  Roach x2  
  32  5:11  Roach  
  23  5:24  Roach  
  15  5:50  Spine Crawler  
  15  5:53  Drone x3  
  17  6:01  Queen  
  19  6:08  Drone  
  20  6:16  Hatchery  
  19  6:18  Drone  
  21  6:25  Drone  
  21  6:36  Drone  
  22  6:41  Queen  
  24  6:47  Glial Reconstitution  
  24  7:02  Drone x2  
  26  7:17  Drone x2  
  28  7:30  Spine Crawler  
  28  7:32  Spine Crawler  
  28  7:33  Spine Crawler  
  28  7:36  Drone, Spine Crawler x2  
  24  7:40  Drone  
  25  7:50  Drone  
  25  7:51  Drone  
  27  7:53  Drone  
  28  7:58  Drone  
  28  8:02  Drone  
  28  8:05  Drone  
  31  8:09  Drone  
  32  8:13  Drone  
  33  8:20  Zerg Missile Weapons Level 1  
  33  8:42  Hatchery  
  32  8:49  Queen  
  32  8:52  Drone  
  32  8:53  Drone  
  32  8:55  Drone  
  37  8:57  Drone  
  37  9:02  Drone  
  39  9:03  Drone  
  39  9:05  Drone  
  39  9:08  Drone  
  43  9:24  Drone x4  
  43  9:28  Extractor  
  43  9:29  Extractor, Drone, Spore Crawler  
  43  9:30  Drone x2  
  46  9:36  Drone  
  46  9:37  Drone  
  46  9:38  Spore Crawler  
  47  9:39  Drone  
  47  9:42  Drone  
  49  9:46  Overlord  
  49  9:50  Overlord  
  49  9:53  Drone  
  49  9:54  Drone  
  49  9:58  Overlord  
  51  10:07  Spire  
  51  10:11  Queen  
  52  10:25  Drone x3  
  52  10:27  Drone x2  
  52  10:28  Drone x2  
  58  10:29  Drone x2  
  58  10:33  Extractor, Drone  
  58  10:34  Drone x2  
  63  10:39  Roach  
  63  10:40  Roach x2  
  63  10:42  Roach  
  59  11:00  Overlord x2  
  49  11:14  Roach x3  
  49  11:15  Roach x2  
Show
View Real Time Build Order
Export as new Build Order

TribalKnight Zerg 

Build Orders: Pool First, Zergling Baneling 

Get SALT Encoding   

  12  0:07  Drone  
  13  0:19  Extractor  
  13  0:21  Overlord  
  12  0:23  Drone  
  12  0:25  Drone  
  14  0:39  Drone  
  15  0:47  Drone  
  16  0:55  Drone  
  17  0:59  Spawning Pool  
  16  1:11  Drone  
  17  1:29  Drone  
  17  1:30  Hatchery  
  17  1:33  Drone  
  18  1:45  Drone  
  19  1:47  Metabolic Boost  
  19  1:55  Queen  
  21  2:01  Overlord  
  21  2:09  Zergling x2  
  21  2:13  Overlord  
  22  2:24  Zergling x2  
  23  2:38  Zergling x2  
  23  2:42  Zergling x2  
  23  2:43  Zergling x2  
  25  2:55  Queen  
  25  2:57  Zergling x4  
  29  3:02  Baneling Nest  
  29  3:03  Zergling x2  
  29  3:04  Zergling x2  
  29  3:05  Zergling x4  
  32  3:06  Zergling x2  
  33  3:18  Zergling x2  
  33  3:19  Zergling x2  
  35  3:26  Zergling x2  
  36  3:27  Zergling x2  
  37  3:46  Baneling x10  
  37  4:14  Zergling x2  
  37  4:15  Zergling x10  
  39  4:37  Zergling x2  
  39  4:38  Zergling x14  
  42  4:46  Zergling x2  
  41  5:02  Zergling x2  
  41  5:03  Zergling x4  
  40  5:12  Zergling x2  
  40  5:13  Zergling x2  
  31  5:36  Zergling x8  
  31  5:45  Lair  
  31  5:47  Drone  
  31  5:48  Drone x4  
  36  6:05  Drone  
  36  6:06  Drone x2  
  39  6:16  Drone  
  39  6:17  Roach Warren, Drone x4  
  43  6:20  Extractor  
  43  6:25  Queen  
  44  6:35  Overlord x2  
  44  6:36  Overlord  
  44  6:47  Overlord x2  
  44  6:56  Drone  
  44  6:57  Drone x3  
  44  6:58  Drone  
  49  7:05  Glial Reconstitution  
  49  7:22  Roach x5  
  59  7:40  Drone  
  59  7:41  Drone x8  
  68  7:51  Roach  
  68  7:52  Roach  
  72  8:05  Extractor x2  
  70  8:13  Zergling x10  
  75  8:21  Evolution Chamber  
  75  8:25  Evolution Chamber  
  73  8:27  Roach  
  73  8:28  Roach x4  
  73  8:31  Overlord  
  73  8:34  Overlord  
  83  8:40  Drone  
  84  9:09  Hydralisk Den  
  83  9:23  Hatchery, Roach x2  
  83  9:24  Roach x7  
  100  9:33  Overlord x2  
  100  9:56  Grooved Spines, Hydralisk  
  100  9:57  Hydralisk x4  
  110  10:30  Hydralisk  
  110  10:31  Hydralisk x2  
  96  11:11  Hydralisk x9  
  92  11:30  Hydralisk  
  92  11:31  Hydralisk x3  
Show
View Real Time Build Order
Export as new Build Order

Unstable Protoss 

Build Orders: Colossus Rush 

Get SALT Encoding   

  12  0:01  Probe  
  13  0:13  Probe  
  14  0:19  Pylon  
  14  0:25  Probe  
  15  0:37  Probe  
  15  0:38  Gateway  
  16  0:45  Probe  
  17  0:50  Assimilator  
  17  0:53  Probe  
  17  1:01  Assimilator  
  18  1:05  Probe  
  19  1:27  Cybernetics Core  
  19  1:49  Pylon  
  19  1:53  Gateway  
  19  1:56  Pylon  
  19  1:57  Probe  
  20  2:05  Warp Gate  
  20  2:08  Stalker  
  22  2:16  Robotics Facility  
  22  2:26  Probe  
  23  2:35  Pylon  
  23  2:38  Probe  
  24  2:53  Stalker x2  
  24  2:58  Immortal  
  32  3:28  Probe  
  37  3:48  Adept  
  37  3:52  Adept  
  37  3:59  Probe  
  37  4:00  Robotics Bay  
  38  4:26  Nexus  
  36  4:43  Stalker  
  38  4:47  Colossus  
  44  4:54  Assimilator  
  44  4:56  Stalker  
  40  5:28  Adept x2  
  42  5:35  Colossus  
  42  5:37  Probe  
  42  5:42  Pylon  
  43  5:45  Probe  
  46  5:52  Zealot  
  46  5:54  Zealot  
  46  5:55  Probe  
  49  6:05  Probe  
  49  6:11  Probe  
  50  6:13  Probe  
  50  6:18  Zealot  
  54  6:19  Probe  
  54  6:21  Probe  
  54  6:22  Zealot  
  58  6:29  Probe  
  59  6:37  Extended Thermal Lance  
  59  6:39  Observer  
  60  6:41  Probe  
  60  6:42  Zealot  
  60  6:43  Zealot  
  65  6:53  Probe  
  66  6:54  Twilight Council  
  66  6:57  Pylon  
  66  7:05  Probe, Pylon  
  67  7:14  Charge  
  67  7:21  Zealot x2  
  71  7:32  Gateway  
  71  7:34  Gateway  
  71  7:36  Forge x2  
  71  7:41  Zealot  
  71  7:42  Zealot  
  75  7:48  Colossus  
  73  8:07  Adept  
  75  8:23  Stargate  
  75  8:43  Protoss Ground Armor Level 1, Zealot  
  75  8:44  Zealot x3  
  83  9:04  Probe  
  83  9:08  Assimilator  
  84  9:14  Zealot  
  84  9:16  Protoss Ground Weapons Level 1  
  86  9:24  Pylon  
  86  9:26  Pylon  
  86  9:28  Pylon  
  86  9:32  Phoenix  
  86  9:35  Probe  
  84  9:47  Probe  
  84  9:51  Phoenix  
  88  10:00  Probe  
  88  10:28  Zealot x4  
  85  11:18  Zealot x4  
  73  11:48  Zealot  
  73  11:49  Zealot x3  
Tags
 
Add a new tag
Caveats
  • Supply blocks, unpowered buildings, or Contaminate may cause inaccurate times.
  • Supply counts are checked every 10 seconds.